 Dungeon Crawl Stone Soup version 0.28.0-1-gb440e238dd (webtiles) character file.

Game seed: 12982562548383791332

193 Ablot the Grasshopper (level 5, -6/43 HPs)
             Began as a Gnoll Warper on Feb 22, 2022.
             Killed by divine providence
             ... invoked by an orc priest
              (11 damage)
             ... on level 4 of the Dungeon.
             The game lasted 00:03:59 (3306 turns).

Ablot the Grasshopper (Gnoll Warper)                Turns: 3306, Time: 00:04:00

Health: -6/43      AC:  6    Str: 13    XL:     5   Next: 72%
Magic:  12/12      EV: 11    Int: 12    God:
Gold:   160        SH:  0    Dex: 11    Spells: 12/14 levels left

rFire   . . .      SeeInvis .   i - +0 dagger (venom)
rCold   . . .      Faith    .   (no shield)
rNeg    . . .      Spirit   .   f - +0 ring mail
rPois   .          Reflect  .   q - +1 hat
rElec   .          Harm     .   (no cloak)
rCorr   .          Rampage  .   (no gloves)
Will    .....                   (no boots)
Stlth   +.........              (no amulet)
HPRegen 0.14/turn               (no ring)
MPRegen 0.13/turn               (no ring)

@: no status effects
A: fangs 1, strong nose, distributed training
a: no special abilities


You were on level 4 of the Dungeon.
You visited 1 branch of the dungeon, and saw 4 of its levels.

You collected 160 gold pieces.

Inventory:

Hand Weapons
 a - a +0 spear
 i - a +0 dagger of venom (weapon)
 l - a +1 mace of holy wrath
Missiles
 d - 5 boomerangs of dispersal (quivered)
 j - 88 stones
 k - 65 arrows
Armour
 b - a +0 leather armour
 f - a +0 ring mail (worn)
 q - a +1 hat (worn)
Scrolls
 c - 2 scrolls of blinking
 h - a scroll of summoning {unknown}
 m - a scroll of teleportation {unknown}
 o - 3 scrolls of identify {unknown}
 p - 2 scrolls of fog {unknown}
 r - a scroll of vulnerability {unknown}
 s - a scroll of magic mapping {unknown}
Potions
 e - a potion of mutation {unknown}
 g - 2 potions of curing
 n - a potion of berserk rage {unknown}


   Skills:
 + Level 4.8 Fighting
 + Level 1.6 Short Blades
 + Level 1.6 Long Blades
 + Level 1.6 Axes
 + Level 1.6 Maces & Flails
 + Level 4.8 Polearms
 + Level 1.6 Staves
 + Level 1.6 Slings
 + Level 1.6 Bows
 + Level 1.6 Crossbows
 + Level 3.0 Throwing
 + Level 3.0 Armour
 + Level 4.8 Dodging
 + Level 1.6 Stealth
 + Level 1.6 Shields
 + Level 1.6 Unarmed Combat
 + Level 5.2 Spellcasting
 + Level 1.2 Conjurations
 + Level 1.2 Hexes
 + Level 1.2 Summonings
 + Level 1.2 Necromancy
 + Level 5.5 Translocations
 + Level 1.2 Transmutations
 + Level 1.2 Fire Magic
 + Level 1.2 Ice Magic
 + Level 1.2 Air Magic
 + Level 1.2 Earth Magic
 + Level 1.2 Poison Magic
 + Level 1.8 Invocations
 + Level 1.6 Evocations


You had 12 spell levels left.
You knew the following spells:

 Your Spells              Type           Power      Damage    Failure   Level
a - Blink                 Tloc           32%        N/A       6%          2

Your spell library contained the following spells:

 Spells                   Type           Power      Damage    Failure   Level
 Gell's Gravitas          Tloc           16%        N/A       12%         3
 Lesser Beckoning         Tloc           16%        N/A       12%         3
 Teleport Other           Tloc           16%        N/A       12%         3
 Animate Skeleton         Necr           12%        N/A       24%         1
 Pain                     Necr           24%        1d5       24%         1
 Scorch                   Fire           12%        2d6       34%         2
 Vampiric Draining        Necr           6%         2d6       56%         3
 Manifold Assault         Tloc           16%        N/A       75%         5
 Flame Wave               Conj/Fire      6%         2d5       93%         4
 Summon Cactus Giant      Summ           3%         N/A       100%        6


Dungeon Overview and Level Annotations

Branches:
Dungeon (4/15)
 Temple: D:4-7

Altars:


Innate Abilities, Weirdness & Mutations

You have very sharp teeth.
Your uncanny sense of smell can sniff out nearby items.
Your experience applies equally to all skills.


Message History

The orc shouts!
You completely miss the orc.
The orc is heavily wounded.
The goblin barely misses you. The orc hits you with a +0 whip.
The orc hits you but does no damage.
The orc priest hits you from afar with a +0 trident.
Unknown command.
You hit the orc.
You kill the orc!
The goblin hits you with a +0 dagger. The orc hits you but does no damage.
Unknown command. 2 orcs come into view.
The orc shouts!
The orc priest hits you with a +0 trident!
* * * LOW HITPOINT WARNING * * *
The orc barely misses you. The goblin closely misses you.
The orc completely misses you.
The orc moves out of view. x2
Things that are here:
a +0 whip; a +0 club The orc priest hits you but does no damage.
The goblin hits you with a +0 dagger.
* * * LOW HITPOINT WARNING * * *
The orc barely misses you.
You barely miss the orc.
The orc priest hits you but does no damage.
The orc hits you but does no damage. The goblin barely misses you.
The orc closely misses you.
Unknown command.
You hit the orc but do no damage. The orc priest barely misses you.
The orc misses you. The goblin hits you but does no damage.
The orc barely misses you.
You hit the orc but do no damage.
The orc is poisoned.
The orc priest closely misses you. The orc hits you but does no damage.
The goblin hits you with a +0 dagger.
* * * LOW HITPOINT WARNING * * *
You hit the orc but do no damage.
The orc looks even sicker.
You kill the orc!
The orc priest calls down the wrath of Beogh upon you.
Beogh smites you!
You die...

∆ ...∆ ..#
#+###+#####+###..###o
#............#.......
#............#.$..o..
#..........)@#....o..
#..........go#.......
#...........o........
#....####...#o.#.....
#####....## #####..#
... ...#......+ ..##
. <..#......# ..#
...'......# ...#
...#......# ####


You could see an orc priest, 2 orcs and a goblin.

Vanquished Creatures
  An orc priest (D:3)
  A centaur skeleton (D:4)
  A hound skeleton (D:2)
  4 gnolls (D:3)
  2 adders
  A worm (D:2)
  5 orcs
  4 bats
  6 endoplasms
  2 giant cockroaches
  3 goblins
  6 hobgoblins
  3 jackals (D:3)
  5 kobolds
  2 quokkas (D:1)
  8 ball pythons
  7 frilled lizards
  3 rats
64 creatures vanquished.

Notes
Turn   | Place    | Note
-------+----------+-------------------------------------------
     0 | D:1      | Ablot the Gnoll Warper began the quest for the Orb.
     0 | D:1      | Reached XP level 1. HP: 20/20 MP: 6/6
   203 | D:1      | Reached XP level 2. HP: 23/26 MP: 7/7
   844 | D:2      | Reached XP level 3. HP: 26/31 MP: 9/9
   852 | D:2      | HP: 1/31 [worm (9)]
   855 | D:2      | Reached skill level 5 in Spellcasting
  1173 | D:2      | Reached skill level 1 in Invocations
  1375 | D:2      | Reached skill level 1 in Short Blades
  1375 | D:2      | Reached skill level 1 in Long Blades
  1375 | D:2      | Reached skill level 1 in Axes
  1375 | D:2      | Reached skill level 1 in Maces & Flails
  1375 | D:2      | Reached skill level 1 in Staves
  1375 | D:2      | Reached skill level 1 in Slings
  1375 | D:2      | Reached skill level 1 in Bows
  1375 | D:2      | Reached skill level 1 in Crossbows
  1375 | D:2      | Reached skill level 1 in Stealth
  1375 | D:2      | Reached skill level 1 in Shields
  1375 | D:2      | Reached skill level 1 in Unarmed Combat
  1375 | D:2      | Reached skill level 1 in Evocations
  1509 | D:2      | Learned a level 2 spell: Blink
  1526 | D:2      | Reached XP level 4. HP: 27/38 MP: 11/11
  2080 | D:3      | Reached skill level 1 in Conjurations
  2080 | D:3      | Reached skill level 1 in Hexes
  2080 | D:3      | Reached skill level 1 in Summonings
  2080 | D:3      | Reached skill level 1 in Necromancy
  2080 | D:3      | Reached skill level 1 in Transmutations
  2080 | D:3      | Reached skill level 1 in Fire Magic
  2080 | D:3      | Reached skill level 1 in Ice Magic
  2080 | D:3      | Reached skill level 1 in Air Magic
  2080 | D:3      | Reached skill level 1 in Earth Magic
  2080 | D:3      | Reached skill level 1 in Poison Magic
  2701 | D:3      | Reached XP level 5. HP: 32/43 MP: 12/12
  2821 | D:3      | Found a faded altar of an unknown god.
  3306 | D:4      | Killed from afar by an orc priest

Illustrated notes

Levels and vault maps discovered:
D:1:      nzn_arrival_depleted_hourglass, layout_rooms, minmay_misc_feat_plants
D:2:      layout_rooms, nicolae_elevator_lobby_plus
D:3:      layout_basic, hellmonk_ecumenical_altar_run_dry
D:4:      layout_gridville, mainiacjoe_overflow_boulevard,
          hangedman_abyss_or_decor_jellyfish_corner, st_stairs_11,
          nicolae_shop_gadgets

Skill      XL: |  1  2  3  4  5 |
---------------+----------------+-----
Spellcasting   | 5 |  5.2
Invocations    | 1 |  1.8
Short Blades   | 1 |  1.6
Long Blades    | 1 |  1.6
Axes           | 1 |  1.6
Maces & Flails | 1 |  1.6
Staves         | 1 |  1.6
Slings         | 1 |  1.6
Bows           | 1 |  1.6
Crossbows      | 1 |  1.6
Stealth        | 1 |  1.6
Shields        | 1 |  1.6
Unarmed Combat | 1 |  1.6
Evocations     | 1 |  1.6
Conjurations   | 1 |  1.2
Hexes          | 1 |  1.2
Summonings     | 1 |  1.2
Necromancy     | 1 |  1.2
Transmutations | 1 |  1.2
Fire Magic     | 1 |  1.2
Ice Magic      | 1 |  1.2
Air Magic      | 1 |  1.2
Earth Magic    | 1 |  1.2
Poison Magic   | 1 |  1.2
Throwing       | 3 |  3.0
Armour         | 3 |  3.0
Fighting       | |  4.8
Polearms       | |  4.8
Dodging        | |  4.8
Translocations | |  5.5

Action                   |  1- 3 |  4- 6 || total
-------------------------+-------+-------++-------
Melee: Spear             |    79 |       ||    79
       Bite              |     9 |    11 ||    20
       Punch             |     2 |     1 ||     3
       Dagger            |    40 |   106 ||   146
       Mace              |       |     4 ||     4
Armor: Ring mail         |    32 |    41 ||    73
Dodge: Dodged            |    67 |    71 ||   138
